 Dungeon Crawl Stone Soup version 0.27.1-4-g1640c2035a (webtiles) character file.

Game seed: 4619038112153953935

69237 iamoutofideas the Eclecticist (level 14, -2/72 HPs)
             Began as a Deep Elf Fire Elementalist on Nov 4, 2021.
             Was an Elder of Vehumet.
             Killed from afar by Azrael (31 damage)
             ... with a fireball
             ... on level 13 of the Dungeon.
             The game lasted 01:15:03 (33857 turns).

iamoutofideas the Eclecticist (DEFE)               Turns: 33857, Time: 01:15:05

Health: -2/72      AC: 12    Str:  5    XL:     14   Next: 89%
Magic:  33/38      EV: 23    Int: 26    God:    Vehumet [****..]
Gold:   385        SH:  8    Dex: 24    Spells: 1/49 levels left

rFire    . . .     SeeInvis .   S - +5 dagger (vamp)
rCold    . . .     Faith    .   P - +2 buckler
rNeg     . . .     Spirit   .   c - +3 steam dragon scales
rPois    +         Reflect  .   m - +1 helmet
rElec    .         Harm     .   F - +0 cloak
rCorr    .         Rampage  .   s - +0 pair of gloves
Will     +....                  (no boots)
Stlth    ++++......             Y - amulet of the acrobat
HPRegen  0.22/turn              A - ring of wizardry
MPRegen  0.26/turn              U - ring "Trusted Companion" {rPois EV+4 Dex+9}

@: about to teleport, unable to read, studying Translocations
A: camouflage 1, mutation resistance 1, inability to read while threatened,
MP-powered wands
a: Renounce Religion


You were on level 13 of the Dungeon.
You worshipped Vehumet.
Vehumet was greatly pleased with you.
You visited 3 branches of the dungeon, and saw 20 of its levels.
You also visited: Volcano.

You collected 1490 gold pieces.
You spent 1105 gold pieces at shops.

Inventory:

Hand Weapons
 S - a +5 vampiric dagger (weapon)
Missiles
 g - 6 throwing nets
Armour
 c - +3 steam dragon scales (worn)
 h - a +2 robe of willpower
 m - a +1 helmet (worn)
 s - a +0 pair of gloves (worn)
 F - a +0 cloak (worn)
 P - a +2 buckler (worn)
 R - +0 acid dragon scales
 V - the +2 robe of the Shore {rF++ rN+ Slay-4}
   (You found it on level 4 of the Lair of Beasts)

   Slay:      It affects your accuracy & damage with ranged weapons and melee
   (-4).
   rF:        It greatly protects you from fire.
   rN:        It protects you from negative energy.
Magical Staves
 E - a staff of earth
Jewellery
 p - a ring of flight
 q - a ring of willpower
 w - a ring of protection from cold
 y - a ring of resist corrosion
 A - a ring of wizardry (left hand)
 U - the ring "Trusted Companion" (right hand) {rPois EV+4 Dex+9}
   (You found it on level 11 of the Dungeon)

   [ring of evasion]

   EV:        It affects your evasion (+4).
   Dex:       It affects your dexterity (+9).
   rPois:     It protects you from poison.
 Y - an amulet of the acrobat (around neck)
Wands
 D - a wand of iceblast (60)
 H - a wand of digging (12)
 M - a wand of polymorph (9)
 Q - a wand of paralysis (6)
 T - a wand of acid (5)
Scrolls
 a - 5 scrolls of teleportation
 d - a scroll of identify
 j - a scroll of blinking
 k - a scroll of enchant weapon
 r - a scroll of silence
 x - 3 scrolls of brand weapon
 B - 2 scrolls of immolation
 G - a scroll of fear
 J - 3 scrolls of magic mapping
 K - a scroll of summoning
 N - 2 scrolls of fog
 W - a scroll of holy word
Potions
 b - 3 potions of flight
 f - 5 potions of might
 i - 2 potions of magic
 l - 5 potions of brilliance
 n - 2 potions of heal wounds
 o - 12 potions of curing
 t - a potion of haste
 v - a potion of resistance
 z - 2 potions of berserk rage
 C - 2 potions of cancellation
 L - 3 potions of invisibility
 X - a potion of lignification
Miscellaneous
 e - a phantom mirror
 Z - a condenser vane


   Skills:
 + Level 2.4 Fighting
 - Level 0.4 Short Blades
 + Level 8.2 Dodging
 - Level 3.0 Stealth
 - Level 4.0 Shields
 * Level 18.0 Spellcasting
 + Level 13.2 Conjurations
 + Level 0.9 Summonings
 + Level 7.0 Transmutations
 + Level 13.4 Fire Magic
 + Level 2.5 Air Magic
 * Level 9.5 Earth Magic


You had one spell level left.
You knew the following spells:

 Your Spells              Type           Power      Damage    Failure   Level
a - Sticky Flame          Conj/Fire      75%        2d9       1%          4
b - Foxfire               Conj/Fire      100%       2x1d9     0%          1
c - Mephitic Cloud        Conj/Pois/Air  50%        N/A       1%          3
d - Statue Form           Tmut/Erth      40%        N/A       4%          6
e - Fireball              Conj/Fire      37%        3d15      1%          5
f - Stone Arrow           Conj/Erth      100%       3d13      1%          3
g - Sandblast             Erth           100%       2d20      1%          1
h - Conjure Flame         Conj/Fire      75%        6-21      1%          3
i - Call Imp              Summ           28%        N/A       1%          2
j - Alistair's Intoxicat  Tmut/Pois      27%        N/A       5%          5
k - Airstrike             Air            18%        N/A       1%          4
l - Lehudib's Crystal Sp  Conj/Erth      35%        10d9      13%         8
m - Swiftness             Air            36%        N/A       1%          3

Your spell library contained the following spells:

 Spells                   Type           Power      Damage    Failure   Level
 Magic Dart               Conj           100%       1d8       0%          1
 Apportation              Tloc           46%        N/A       1%          1
 Shock                    Conj/Air       100%       1d9       1%          1
 Corpse Rot               Necr/Air       N/A        N/A       1%          2
 Sublimation of Blood     Necr           11%        N/A       1%          2
 Inner Flame              Hex/Fire       55%        N/A       1%          3
 Animate Armour           Summ/Erth      100%       N/A       1%          4
 Petrify                  Tmut/Erth      61%        N/A       1%          4
 Blade Hands              Tmut           28%        N/A       1%          5
 Irradiate                Conj/Tmut      33%        3d25      1%          5
 Iron Shot                Conj/Erth      35%        9d7       1%          6
 Passage of Golubria      Tloc           N/A        N/A       9%          4
 Silence                  Hex/Air        15%        N/A       13%         5
 Metabolic Englaciation   Hex/Ice        11%        N/A       22%         5
 Invisibility             Hex            11%        N/A       73%         6


Dungeon Overview and Level Annotations

Branches:
Dungeon (13/15)            Temple (1/1) D:6            Lair (6/6) D:9
  Swamp (0/4) Lair:2        Snake (0/4) Lair:3        Slime (0/5) Lair:6
    Orc (0/2) D:10        Volcano (visited)
 Vaults: D:13-14

Altars:
Ashenzari
Cheibriados
Dithmenos
Elyvilon
Fedhas
Gozag
Hepliaklqana
Kikubaaqudgha
Makhleb
Nemelex Xobeh
Okawaru
Qazlal
Ru
Sif Muna
Trog
Uskayaw
Vehumet
Wu Jian
Xom
Yredelemnul
Zin
The Shining One
Jiyva

Shops:
D:1 [   D:4 *((*   D:5 [:

Portals:
Trove: D:12 (give +3 fire dragon scales)

Annotations:
D:1 exclusion: downstairs
D:3 exclusion: downstairs
D:9 exclusion: downstairs
D:12 exclusion: downstairs
D:13 Azrael


Innate Abilities, Weirdness & Mutations

Your skin changes colour to match your surroundings (Stealth+).
You are somewhat resistant to further mutation.
You sometimes lose the ability to read scrolls when taking damage.
You expend magic power (3 MP) to strengthen your wands.


Message History

Okay, then.
Casting: Foxfire (safe; 0% risk of failure)
Confirm with . or Enter, or press ? or * to list all spells.
Aiming: Stone Arrow (safe; 1% risk of failure)
Press: ? - help, Shift-Dir - straight line, f - hell hound
Aim: a hell hound (heavily wounded, 69% to hit)
The stone arrow hits the hell hound!
You kill the hell hound!
Vehumet accepts your kill.
You hear a bark!
Azrael the Boundless Flame comes into view.
He is wielding a +1 scimitar of flaming.
The fire elemental barely misses you.
Casting: Stone Arrow (safe; 1% risk of failure)
Confirm with . or Enter, or press ? or * to list all spells.
Aiming: Stone Arrow (safe; 1% risk of failure)
Press: ? - help, Shift-Dir - straight line, f - fire elemental
Aim: a fire elemental (72% to hit)
The stone arrow hits the fire elemental.
The fire elemental is lightly damaged.
Azrael gestures at you.
The bolt of fire misses the fire elemental.
The bolt of fire hits you!!!
Ouch! That really hurt!
The fire elemental closely misses you.
Casting: Stone Arrow (safe; 1% risk of failure)
Confirm with . or Enter, or press ? or * to list all spells.
Aiming: Stone Arrow (safe; 1% risk of failure)
Press: ? - help, Shift-Dir - straight line, f/p - fire elemental
Aim: a fire elemental (lightly damaged, 72% to hit)
Okay, then.
Unknown command.
Unknown command.
As you read the scroll of teleportation, it crumbles to dust.
You feel strangely unstable. Azrael gestures at you.
The fireball explodes!
The fireball engulfs the fire elemental.
The fire elemental completely resists.
The fireball engulfs you!!
You feel threatened and lose the ability to read scrolls!
You die...

#
.#########R#
...>....@Eh#
###.##.####
##.##.#
#.....#
#..#### #..#
#..#
#######..#
.........#


You could see Azrael, a fire elemental and a hell hound.

Vanquished Creatures
  Kirke (Lair:4)
  A red draconian (Volcano)
  4 dire elephants (Lair:6)
  Harold (D:11)
  4 hydras
  Erolcha (D:13)
  5 two-headed ogres
  A death knight (D:13)
  5 centaur warriors
  2 death yaks (Lair:5)
  Sonja (D:9)
  A fire crab (Lair:6)
  A spectral anaconda (Lair:6)
  A lindwurm (Lair:6)
  4 necromancers (Lair:6)
  An obsidian statue (Lair:6)
  4 deep elf pyromancers
  An orb spider (shapeshifter) (D:13)
  A manticore (D:13)
  3 ugly things
  3 cyclopes (D:13)
  Maurice (D:11)
  A dire elephant zombie (Lair:6)
  19 elephants
  3 torpor snails
  The ghost of PocketSox the Poker, a novice MiGl of Elyvilon (D:4)
  2 black mambas (Lair:2)
  2 molten gargoyles (Volcano)
  3 gargoyles
  6 cane toads
  8 komodo dragons
  Psyche (D:8)
  A yaktaur (shapeshifter) (D:13)
  A rime drake (Lair:6)
  2 efreet (D:13)
  2 unseen horrors
  2 yaktaurs (Volcano)
  A troll (D:9)
  20 blink frogs
  3 polar bears
  5 slime creatures
  6 dream sheep
  3 spectral elephants (Lair:6)
  2 wraiths
  Sigmund (D:2)
  2 shadows
  2 water elementals (D:11)
  5 wyverns
  2 hogs (Lair:4)
  A human (Lair:4)
  31 yaks
  Eustachio (D:6)
  2 basilisks
  2 death yak simulacra (Lair:6)
  3 steam dragons
  4 vampire mosquitoes (D:10)
  2 nagas (Lair:3)
  2 spectral cane toads (Lair:6)
  4 acid dragons
  14 water moccasins
  A hell hound (D:13)
  3 black bears
  11 orc warriors
  A sky beast (D:5)
  3 necrophages
  An ice beast (D:7)
  16 wolves
  An ogre (D:5)
  13 centaurs
  An elephant skeleton (Lair:6)
  2 gnoll sergeants
  9 bullfrogs
  5 scorpions
  A wyvern skeleton (D:5)
  8 killer bees
  13 electric eels
  An elephant simulacrum (Lair:6)
  12 wights
  2 howler monkeys
  A bullfrog zombie (D:7)
  8 orc priests
  A centaur zombie (D:4)
  6 lava snakes (Volcano)
  A jelly (D:5)
  3 gnoll shamans
  3 hounds
  An iguana (D:7)
  Terence (D:1)
  8 orc wizards
  A killer bee zombie (D:5)
  7 adders
  21 gnolls
  A white imp (D:7)
  An ufetubus (D:6)
  2 adder skeletons (D:4)
  3 dart slugs
  45 orcs
  6 bats
  6 endoplasms
  A giant cockroach (D:3)
  7 goblins
  9 hobgoblins
  2 jackals (D:1)
  4 quokkas
  7 ball pythons
  A frilled lizard (D:2)
  7 kobolds
  25 rats
512 creatures vanquished.

Vanquished Creatures (collateral kills)
  A killer bee (D:8)
  8 foxfires
9 creatures vanquished.

Vanquished Creatures (others)
  An unseen horror (D:11)
  2 humans (Lair:4)
  1023 foxfires
  50 fungi
  75 plants
  29 withered plants (Lair:6)
1180 creatures vanquished.

Grand Total: 1701 creatures vanquished

Notes
Turn   | Place    | Note
-------+----------+-------------------------------------------
     0 | D:1      | iamoutofideas the Deep Elf Fire Elementalist began the
                  | quest for the Orb.
     0 | D:1      | Reached XP level 1. HP: 10/10 MP: 6/6
   441 | D:1      | Reached XP level 2. HP: 15/15 MP: 6/8
  1121 | D:1      | Found Fiereug's Armour Shop.
  1344 | D:2      | Noticed Sigmund
  1535 | D:2      | Reached XP level 3. HP: 12/19 MP: 7/10
  1542 | D:2      | Noticed Terence
  1709 | D:1      | Learned a level 3 spell: Conjure Flame
  1727 | D:1      | Killed Terence
  1900 | D:2      | Reached skill level 4 in Spellcasting
  1900 | D:2      | Reached XP level 4. HP: 24/24 MP: 7/12
  1962 | D:2      | Learned a level 3 spell: Mephitic Cloud
  1967 | D:2      | Learned a level 4 spell: Sticky Flame
  2312 | D:2      | Found a faded altar of an unknown god.
  2323 | D:2      | Killed Sigmund
  2324 | D:2      | Reached skill level 5 in Spellcasting
  2324 | D:2      | Reached XP level 5. HP: 28/28 MP: 5/14
  2339 | D:2      | Reached XP level 6. HP: 28/33 MP: 1/15
  2450 | D:1      | Bought a +0 helmet for 58 gold pieces
  2897 | D:3      | Found a white marble altar of Elyvilon.
  3372 | D:3      | Found a hazy altar of Hepliaklqana.
  4048 | D:4      | Found an iron altar of Okawaru.
  4056 | D:4      | Reached skill level 6 in Spellcasting
  4216 | D:4      | Reached skill level 5 in Fire Magic
  4222 | D:4      | Learned a level 5 spell: Fireball
  4225 | D:4      | Learned a level 2 spell: Call Imp
  4420 | D:4      | Found Cycs's Antique Weapon Shoppe.
  4428 | D:4      | Found Qesu's General Store.
  4429 | D:4      | Found Cunegaff's Assorted Antiques.
  4429 | D:4      | Found Yroj's Weapon Shop.
  4447 | D:4      | Bought a scroll of blinking for 82 gold pieces
  4488 | D:4      | Found a glowing golden altar of the Shining One.
  4736 | D:4      | Reached XP level 7. HP: 33/37 MP: 13/19
  4748 | D:3      | Reached skill level 7 in Spellcasting
  5069 | D:4      | Found a glowing silver altar of Zin.
  5107 | D:4      | Found a transporter.
  5119 | D:4      | Found a transporter.
  5128 | D:4      | Noticed PocketSox's ghost (novice MiGl)
  5207 | D:4      | Found a bloodstained altar of Trog.
  5751 | D:4      | Found a shimmering blue altar of Sif Muna.
  5755 | D:4      | Got Sif Muna's Compendium of Unholy Rites
  5806 | D:4      | Reached skill level 8 in Spellcasting
  6011 | D:5      | Entered Level 5 of the Dungeon
  6125 | D:5      | Reached XP level 8. HP: 39/42 MP: 10/22
  6317 | D:5      | Reached skill level 9 in Spellcasting
  6604 | D:5      | Found Joruj's Book Shoppe.
  6625 | D:5      | Found Gujoz's Armour Shoppe.
  6658 | D:5      | Reached skill level 5 in Conjurations
  6769 | D:5      | Found an opulent altar of Gozag.
  6769 | D:5      | Found a shimmering altar of Xom.
  7023 | D:6      | Found a staircase to the Ecumenical Temple.
  7036 | Temple   | Entered the Ecumenical Temple
  7258 | Temple   | Became a worshipper of Vehumet
  7464 | D:6      | Noticed Eustachio
  7723 | D:6      | Killed Eustachio
  7724 | D:6      | Reached skill level 10 in Spellcasting
  7947 | D:6      | Found a blossoming altar of Fedhas.
  7948 | D:6      | Found an ancient bone altar of Kikubaaqudgha.
  8541 | D:7      | Reached XP level 9. HP: 46/46 MP: 20/25
  9060 | D:7      | Reached skill level 11 in Spellcasting
  9798 | D:7      | Reached skill level 1 in Fighting
 10539 | D:8      | Reached skill level 1 in Air Magic
 10540 | D:8      | Reached * piety under Vehumet
 10540 | D:8      | Offered knowledge of Shock by Vehumet.
 10715 | D:8      | Reached skill level 12 in Spellcasting
 10872 | D:8      | Reached XP level 10. HP: 52/52 MP: 22/28
 10874 | D:8      | Noticed a deep elf pyromancer
 11058 | D:8      | Killed a deep elf pyromancer
 11060 | D:8      | Noticed Psyche
 11064 | D:8      | Killed Psyche
 11633 | D:8      | Noticed a two-headed ogre
 11648 | D:8      | Killed a two-headed ogre
 11649 | D:8      | Reached skill level 13 in Spellcasting
 11751 | D:8      | Found a shadowy altar of Dithmenos.
 12028 | D:9      | Offered knowledge of Sandblast by Vehumet.
 12090 | D:9      | Noticed a two-headed ogre
 12096 | D:9      | Killed a two-headed ogre
 12097 | D:9      | Reached skill level 5 in Dodging
 12170 | D:9      | Reached ** piety under Vehumet
 12237 | D:9      | Learned a level 1 spell: Sandblast
 12648 | D:9      | Reached XP level 11. HP: 51/56 MP: 13/30
 12653 | D:9      | Reached skill level 10 in Fire Magic
 13022 | D:9      | Found a staircase to the Lair.
 13207 | D:10     | Entered Level 10 of the Dungeon
 13207 | D:10     | Noticed Sonja
 13207 | D:10     | Noticed a purple ugly thing
 13210 | D:10     | Killed a purple ugly thing
 13211 | D:10     | Reached skill level 1 in Shields
 13216 | D:9      | Killed Sonja
 13887 | D:10     | Reached skill level 14 in Spellcasting
 13941 | D:10     | Offered knowledge of Static Discharge by Vehumet.
 14519 | D:10     | Found a staircase to the Orcish Mines.
 14628 | D:10     | Reached *** piety under Vehumet
 15260 | D:10     | Learned a level 6 spell: Statue Form
 15271 | D:11     | Noticed Maurice
 15387 | D:11     | Killed Maurice
 15387 | D:11     | Noticed a two-headed ogre
 15388 | D:11     | Reached skill level 10 in Conjurations
 15406 | D:11     | Killed a two-headed ogre
 15407 | D:11     | Reached skill level 1 in Earth Magic
 15658 | D:11     | Learned a level 3 spell: Stone Arrow
 16200 | D:11     | Noticed Harold
 16204 | D:11     | Killed Harold
 16244 | D:11     | Noticed a two-headed ogre
 16257 | D:11     | Killed a two-headed ogre
 16426 | D:11     | Offered knowledge of Fulminant Prism by Vehumet.
 16511 | D:11     | Identified the ring "Trusted Companion" {rPois EV+4 Dex+9}
 16758 | D:11     | Identified the +3 hand axe of Inference {drain, *Noise
                  | Int+3 Dex+4}
 17047 | D:12     | Noticed a white ugly thing
 17053 | D:12     | Killed a white ugly thing
 17253 | D:12     | Reached XP level 12. HP: 61/61 MP: 22/32
 17704 | D:12     | Found a portal to a secret trove of treasure.
 18205 | D:12     | Reached skill level 15 in Spellcasting
 18396 | D:12     | Noticed a centaur warrior
 18402 | D:12     | Killed a centaur warrior
 18714 | Lair:1   | Entered Level 1 of the Lair of Beasts
 18723 | D:9      | Learned a level 5 spell: Alistair's Intoxication
 18856 | D:4      | Bought a fuming white potion for 27 gold pieces
 18856 | D:4      | Bought a potion of curing for 93 gold pieces
 18869 | D:4      | Bought a potion of curing for 33 gold pieces
 19595 | Lair:1   | Noticed a six-headed hydra
 19602 | Lair:1   | Killed a six-headed hydra
 20472 | Lair:2   | Reached skill level 5 in Earth Magic
 20981 | Lair:2   | Found a staircase to the Swamp.
 20985 | Lair:2   | Reached **** piety under Vehumet
 21430 | Lair:2   | Offered knowledge of Yara's Violent Unravelling by Vehumet.
 22062 | Lair:3   | Reached skill level 16 in Spellcasting
 22765 | Lair:3   | Found a staircase to the Snake Pit.
 22912 | Lair:3   | Reached XP level 13. HP: 66/66 MP: 21/35
 23805 | Lair:3   | Reached skill level 1 in Transmutations
 24304 | Lair:4   | Noticed Kirke
 24324 | Lair:4   | Killed Kirke
 24541 | Lair:4   | Identified the +2 robe of the Shore {rF++ rN+ Slay-4}
 25660 | Lair:4   | Gained mutation: You sometimes lose the ability to read
                  | scrolls when taking damage. [potion of mutation]
 25660 | Lair:4   | Gained mutation: You expend magic power (3 MP) to
                  | strengthen your wands. [potion of mutation]
 25660 | Lair:4   | Gained mutation: Your skin changes colour to match your
                  | surroundings (Stealth+). [potion of mutation]
 25660 | Lair:4   | Gained mutation: You are somewhat resistant to further
                  | mutation. [potion of mutation]
 26609 | Lair:6   | Entered Level 6 of the Lair of Beasts
 26634 | Lair:6   | Found a dark tunnel.
 26639 | Volcano  | Entered a volcano
 26794 | Volcano  | Found a bloodstained altar of Trog.
 26806 | Volcano  | Reached ***** piety under Vehumet
 26900 | Volcano  | Noticed a red draconian
 26924 | Volcano  | Killed a red draconian
 27301 | Lair:6   | Reached skill level 17 in Spellcasting
 28008 | Lair:5   | Reached XP level 14. HP: 50/72 MP: 33/37
 28159 | Lair:6   | Offered knowledge of Airstrike by Vehumet.
 28872 | Lair:6   | Found a viscous altar of Jiyva.
 28875 | Lair:6   | Found a staircase to the Slime Pits.
 29199 | Lair:6   | Reached skill level 5 in Transmutations
 29671 | Lair:5   | Learned a level 4 spell: Airstrike
 31028 | Lair:6   | Learned a level 8 spell: Lehudib's Crystal Spear
 31812 | D:4      | Killed PocketSox's ghost
 32202 | D:5      | Bought a book of Iron for 504 gold pieces
 32202 | D:5      | Bought a book of Air for 308 gold pieces
 32206 | D:5      | Learned a level 3 spell: Swiftness
 32407 | D:13     | Noticed Erolcha
 32722 | D:13     | Killed Erolcha
 33308 | D:13     | Reached skill level 18 in Spellcasting
 33855 | D:13     | Noticed Azrael
 33857 | D:13     | Killed from afar by Azrael

Illustrated notes

Levels and vault maps discovered:
D:1:      psy_arrival_radial02, layout_loops_ring, serial_shops,
          nicolae_square_shop
D:2:      layout_basic, basic_ecumenical_altar, minmay_rat_hole, uniq_terence,
          uniq_sigmund
D:3:      layout_basic, nzn_hepliaklqana_mist_gate, old_standard_altar,
          minmay_vboxes
D:4:      layout_cave_pools, nzn_overflow_gifts_of_might_and_magic,
          zin_treasury, mainiacjoe_overflow_tiny_flanked,
          okawaru_metal_pillars_3, gammafunk_ghost_gnarly_gnolls,
          nicolae_wooded_promenade
D:5:      layout_basic, grunt_temple_overflow_open, serial_shops, shop, shop
D:6:      layout_basic, grunt_temple_overflow_growth_and_decay,
          minmay_temple_entry_gardened_gates, uniq_eustachio
D:7:      layout_cave_pods
D:8:      layout_loops_ring, mainiacjoe_overflow_24_doors, uniq_psyche
D:9:      layout_basic, grunt_lair_entry_orc_guard_hut
D:10:     layout_loops_cross, hiddenorc2_lemuel, uniq_sonja
D:11:     layout_basic, uniq_maurice, uniq_harold
D:12:     layout_loops_corners, nicolae_trove_entry_columns
D:13:     layout_loops_ring, hangedman_vaults_entry_quadrant_bands,
          minmay_hollow_rounded_squares, uniq_azrael, uniq_erolcha
Temple:   jpeg_temple_alley_garden
Lair:1:   layout_roguey, grunt_megastairs_1
Lair:2:   layout_cave_pods, minmay_swamp_entry_eels, minmay_stone_trees_small,
          grunt_megastairs_4, serial_bayou_shore_a, infiniplex_staircase_pool
Lair:3:   layout_regular_city, guppyfry_snake_entry_island, lemuel_fruit_tree,
          grunt_megastairs_3
Lair:4:   layout_regular_city, hangedman_lair_unloving_vines, uniq_kirke
Lair:5:   layout_concentric_octagons
Lair:6:   due_jungle_book, layout_regular_city, slime_altar_1, enter_volcano_2

Skill      XL: |  1  2  3  4  5  6  7  8  9 10 11 12 13 14 |
---------------+-------------------------------------------+-----
Fire Magic     | 4 5 7 8 9 11 12 13 | 13.4
Spellcasting   | 4 5 6 8 10 12 13 14 16 17 18 | 18.0
Dodging        | 3 4 5 6 7 8 |  8.2
Conjurations   | 2 3 4 6 7 9 10 11 12 13 | 13.2
Stealth        | 3 |  3.0
Fighting       | 1 2 |  2.4
Air Magic      | 1 2 |  2.5
Shields        | 4 |  4.0
Earth Magic    | 3 6 7 9 |  9.5
Transmutations | 4 7 |  7.0
Short Blades   | |  0.4
Summonings     | |  0.9

Action                   |  1- 3 |  4- 6 |  7- 9 | 10-12 | 13-15 || total
-------------------------+-------+-------+-------+-------+-------++-------
Melee: Short sword       |    13 |       |       |       |       ||    13
       Dagger            |     3 |       |     4 |    60 |   101 ||   168
 Cast: Foxfire           |    62 |   157 |   229 |   163 |    25 ||   636
       Sticky Flame      |       |     2 |    20 |    51 |    84 ||   157
       Conjure Flame     |       |     1 |       |     3 |     3 ||     7
       Mephitic Cloud    |       |       |    11 |    12 |    16 ||    39
       Call Imp          |       |       |     1 |       |     2 ||     3
       Fireball          |       |       |     7 |   173 |   149 ||   329
       Stone Arrow       |       |       |       |     3 |   126 ||   129
       Lehudib's Crystal |       |       |       |       |     4 ||     4
       Statue Form       |       |       |       |       |     2 ||     2
       Airstrike         |       |       |       |       |     2 ||     2
Evoke: Wand              |       |       |       |       |     1 ||     1
  Use: Scroll            |       |       |     7 |    20 |    16 ||    43
       Potion            |       |       |       |     3 |    10 ||    13
 Stab: Sleeping          |       |       |     1 |       |     1 ||     2
       Confused          |       |       |       |       |     4 ||     4
       Distracted        |       |       |       |       |     1 ||     1
Armor: Robe              |     4 |    16 |    18 |       |     2 ||    40
       Steam dragon scal |       |       |     5 |    42 |    68 ||   115
       Skin              |       |       |       |    55 |    15 ||    70
Dodge: Dodged            |    26 |    20 |    38 |   116 |   311 ||   511
Block: Buckler           |       |       |       |    38 |   165 ||   203
